 Dungeon Crawl Stone Soup version 0.17.0-24-gcfadda4 (console) character file.

39648 gw the Severer (level 13, -6/127 HPs)
             Began as a Deep Dwarf Berserker on Nov 16, 2015.
             Was the Champion of Trog.
             Mangled by a polar bear (8 damage)
             ... in an ice cave.
             The game lasted 00:13:42 (13260 turns).

gw the Severer (Deep Dwarf Berserker)              Turns: 13260, Time: 00:13:42

Health: -6/127     AC: 23    Str: 21    XL:     13   Next: 70%
Magic:  2/3        EV: 11    Int:  9    God:    Trog [******]
Gold:   1576       SH:  0    Dex: 16    Spells: 0 memorised, 12 levels left

rFire  . . .     SeeInvis +     a - +6 battleaxe {chop, +Inv rElec rC- Stlth+}
rCold  x . .     Clarity  .     n - +0 plate armour
rNeg   . . .     SustAt   .     (shield currently unavailable)
rPois  .         Gourm    .     j - +0 helmet
rElec  +         Spirit   .     z - +0 cloak
rCorr  +         Warding  .     r - +1 pair of gloves
rMut   .         Stasis   .     E - +0 pair of boots
MR     +....                    v - amulet of resist corrosion
Stlth  ..........               b - ring of see invisible
                                i - +3 ring of evasion

@: non-regenerating, somewhat resistant to hostile enchantments, extremely
unstealthy
A: damage resistance, recharge devices, sense surroundings 2, slow regeneration
3
a: Device Recharging, Berserk, Trog's Hand, Brothers in Arms, Burn Spellbooks,
Renounce Religion, Evoke Invisibility


You were in an ice cave.
You worshipped Trog.
Trog was exalted by your worship.
You were not hungry.

You visited 3 branches of the dungeon, and saw 18 of its levels.
You also visited: Ice Cave.

You collected 1576 gold pieces.

Inventory:

Hand Weapons
 a - the +6 battleaxe of Day (weapon) {chop, +Inv rElec rC- Stlth+}
   (Trog gifted it to you on level 3 of the Orcish Mines)

   It inflicts extra damage upon your enemies.
   It makes you vulnerable to cold.
   It insulates you from electricity.
   It lets you turn invisible.
   It makes you more stealthy.
Missiles
 p - 99 bolts
Armour
 j - a +0 helmet (worn)
 n - a +0 plate armour (worn)
 r - a +1 pair of gloves (worn)
 z - a +0 cloak (worn)
 E - a +0 pair of boots (worn)
Jewellery
 b - a ring of see invisible (right hand)
 i - a +3 ring of evasion (left hand)
 v - an amulet of resist corrosion (around neck)
Wands
 c - a wand of heal wounds (5)
 t - a wand of random effects (5)
 y - a wand of fire (10)
 C - a wand of lightning (3)
 F - a wand of confusion (28)
 G - a wand of polymorph (9)
 I - a wand of invisibility (4)
 L - a wand of cold (3)
 M - a wand of paralysis (18)
Scrolls
 f - 10 scrolls of teleportation
 g - 11 scrolls of identify
 q - 8 scrolls of remove curse
 J - 3 scrolls of acquirement {unknown}
Potions
 e - 9 potions of curing
 k - a potion of lignification
 u - a potion of resistance
 w - 3 potions of agility
 B - a potion of berserk rage
 H - 2 potions of might
Books
 m - a book of Callings

   Spells                             Type                      Level
   a - Summon Small Mammal            Summoning                    1
   b - Call Imp                       Summoning                    2
   c - Call Canine Familiar           Summoning                    3
   d - Summon Guardian Golem          Hexes/Summoning              3
   e - Summon Lightning Spire         Summoning/Air                4
   f - Summon Ice Beast               Ice/Summoning                4
   Trog disapproves of the use of such an item.
 A - a book of Clouds

   Spells                             Type                      Level
   a - Mephitic Cloud                 Conjuration/Poison/Air       3
   b - Conjure Flame                  Conjuration/Fire             3
   c - Poisonous Cloud                Conjuration/Poison/Air       6
   d - Freezing Cloud                 Conjuration/Ice/Air          6
   e - Ring of Flames                 Charms/Fire                  7
   Trog disapproves of the use of such an item.
 D - a book of Transfigurations

   Spells                             Type                      Level
   a - Stoneskin                      Transmutation/Earth          2
   b - Irradiate                      Conjuration/Transmutation    5
   c - Statue Form                    Transmutation/Earth          6
   d - Hydra Form                     Transmutation                6
   e - Dragon Form                    Transmutation                7
   Trog disapproves of the use of such an item.
Comestibles
 d - 9 bread rations
 h - 5 meat rations
 l - 9 royal jellies
 o - 5 beef jerkies
 s - 3 fruits
 x - 3 slices of pizza
 N - 5 chunks of flesh


   Skills:
 + Level 11.1 Fighting
 * Level 17.4 Axes
 + Level 12.6 Armour
 - Level 2.1 Dodging
 + Level 8.0 Evocations


You had 12 spell levels left.
You didn't know any spells.

Dungeon Overview and Level Annotations

Branches:
Dungeon (12/15)            Temple (0/1) D:5            Lair (3/8) D:9
 Shoals (0/4) Lair:3          Orc (4/4) D:9             Elf (0/3) Orc:4
  Snake: Lair:3-6    Spider: Lair:3-6

Altars:
Cheibriados
Fedhas
Makhleb
Beogh

Shops:
D:7 [   D:11 :   Orc:1 (*   Orc:4 %}!*


Innate Abilities, Weirdness & Mutations

You are resistant to damage.
You can recharge devices by infusing magical energy.
You passively map the area around you.
You do not regenerate naturally.


Message History

You slice the yak!!
The yak is severely wounded.
You completely miss the frost giant.
The frost giant is lightly wounded.
The frost giant barely misses you. The yak barely misses you.
ATTACK MOVE TO (-1,1)
You slice the yak!!
You kill the yak!
Trog accepts your kill.
You hit the frost giant but do no damage.
The frost giant is lightly wounded.
The frost giant points at you and mumbles some strange words.
The bolt of cold hits you!
You feel a terrible chill!
Ouch! That really hurt!
Read which item? (? for menu, Esc to quit)
Charge which item? (? for menu, Esc to quit)
As you read the scroll of recharging, it crumbles to dust.
Your wand of heal wounds (0) glows for a moment and now has 5 charges.
The polar bear bites you!
You die...

*####...##
##...####* * * ~
*###....####### ~
###...#....# * ###
~~###....##. *
##.###### ########
###.#.#...## ###.
#..###...}.# ##...
###g%###.#.#####....
#hhC##..#####.....##
#..Y###..####.....##
#.... ##...#....###
* ##... ###...####
###.,*** ##### ,, $.
* * * ,:#,,, , ~ * *
** * * *


You could see a frost giant, 2 polar bears and a yak.

Table legend:
 A = Turns spent in this place as a percentage of turns spent in the entire game.
 B = Non-inter-level travel turns spent in this place as a percentage of non-inter-level travel turns spent in the entire game.
 C = Inter-level travel turns spent in this place as a percentage of turns spent in this place.
 D = Turns resting spent in this place as a percentage of non-inter-level travel turns spent in this place.
 E = Turns spent auto-exploring this place as a percentage of non-inter-level travel turns spent in this place.
 F = Non-inter-level travel turns spent in this place divided by the number of levels of this place that you've seen.
                   A       B       C       D       E      F
               +-------+-------+-------+-------+-------+----------------------
         Total | 100.0 | 100.0 |   0.4 |   0.0 |   2.5 | 1327.7
       Dungeon |  62.9 |  62.9 |   0.4 |   0.0 |   2.7 | 1443.0
          Lair |  13.7 |  13.6 |   0.7 |   0.1 |   2.2 | 1145.3
  Orcish Mines |  16.1 |  16.1 |   0.3 |   0.0 |   2.7 | 1015.2
      Ice Cave |   7.3 |   7.4 |   0.0 |   0.0 |   1.5 | 1857.0
               +-------+-------+-------+-------+-------+----------------------

Table legend:
 A = Kills in this place as a percentage of kills in entire the game.
 B = Kills by you in this place as a percentage of kills by you in the entire game.
 C = Kills by friends in this place as a percentage of kills by friends in the entire game.
 D = Other kills in this place as a percentage of other kills in the entire game.
 E = Experience gained in this place as a percentage of experience gained in the entire game.
 F = Experience gained in this place divided by the number of levels of this place that you have seen.
                   A       B       C       D       E      F
               +-------+-------+-------+-------+-------+----------------------
         Total | 100.0 | 100.0 |  -nan | 100.0 | 100.0 | 2949.2
       Dungeon |  47.9 |  48.2 |  -nan |   0.0 |  36.9 | 1877.4
          Lair |  12.2 |  12.2 |  -nan |   0.0 |  25.8 | 4817.0
  Orcish Mines |  30.6 |  30.1 |  -nan | 100.0 |  14.5 | 2032.5
      Ice Cave |   9.4 |   9.5 |  -nan |   0.0 |  22.8 | 12802.0
               +-------+-------+-------+-------+-------+----------------------

Vanquished Creatures
  Gastronok (Lair:2)
  Erolcha (D:8)
  A centaur warrior (D:12)
  2 death yaks (IceCv)
  3 hill giants
  A giant orange brain (D:10)
  2 ugly things (D:12)
  7 orc sorcerers (Orc:4)
  2 black mambas
  A gargoyle (D:12)
  6 elephants (Lair:3)
  A cyclops (D:11)
  An ice statue (IceCv)
  2 spiny frogs
  A fire drake (D:9)
  4 trolls
  13 polar bears (IceCv)
  A two-headed ogre (D:8)
  10 blink frogs
  A basilisk (D:12)
  2 deep elf magi
  41 yaks
  Eustachio (D:5)
  4 hippogriffs
  A wyvern (D:10)
  Menkaure (D:4)
  15 wolves
  A mottled dragon (D:12)
  8 wargs (Orc:4)
  A hungry ghost (D:12)
  A soldier ant (D:9)
  3 water moccasins
  An eye of draining (D:11)
  7 orc warriors
  2 sky beasts
  2 wasps
  A phantom (D:5)
  A spider (D:9)
  12 ice beasts
  8 ogres
  3 porcupines
  A necrophage (D:8)
  4 crocodiles
  10 centaurs
  A brain worm (D:9)
  11 giant frogs
  A big kobold (D:7)
  A gnoll sergeant (D:8)
  5 killer bees (D:11)
  3 scorpions
  7 wights
  A quasit (D:8)
  4 electric eels
  4 crimson imps
  2 giant frog zombies
  42 orc wizards
  A jelly (D:8)
  8 iguanas
  6 hounds
  9 orc priests
  4 giant frog skeletons
  Natasha (thrice) (D:4 D:6)
  A killer bee zombie (D:7)
  7 worker ants
  2 giant frog simulacra (D:8)
  A hound skeleton (D:10)
  2 hound zombies (D:10)
  8 adders
  10 gnolls
  2 hound simulacra (D:8)
  5 river rats (Lair:3)
  3 shadow imps
  2 white imps (D:8)
  2 ufetubi (D:8)
  3 oozes
  An adder skeleton (D:9)
  3 worms (D:2)
  4 giant geckos
  132 orcs
  6 giant cockroaches
  7 goblins
  A hobgoblin (D:1)
  4 jackals (D:2)
  3 quokkas
  A ball python (D:2)
  5 bats
  6 giant newts
  A jackal skeleton (D:4)
  6 kobolds
  A quokka simulacrum (D:8)
  5 rats
  A fungus (Lair:2)
  A plant (Lair:3)
541 creatures vanquished.

Vanquished Creatures (others)
  4 orc wizards (Orc:4)
  An orc (Orc:4)
5 creatures vanquished.

Grand Total: 546 creatures vanquished

Notes
Turn   | Place    | Note
--------------------------------------------------------------
     0 | D:1      | gw the Deep Dwarf Berserker began the quest for the Orb.
     0 | D:1      | Reached XP level 1. HP: 20/20 MP: 1/1
   354 | D:1      | Reached skill level 1 in Evocations
   375 | D:1      | Reached XP level 2. HP: 16/27 MP: 2/2
  1016 | D:2      | Reached ** piety under Trog
  1029 | D:2      | Reached XP level 3. HP: 33/33 MP: 4/4
  1053 | D:2      | Reached skill level 4 in Axes
  1582 | D:2      | You fall through a shaft for 2 floors!
  1617 | D:4      | Noticed Natasha
  1628 | D:4      | Killed Natasha
  1628 | D:4      | Reached XP level 4. HP: 42/42 MP: 5/5
  1639 | D:4      | Noticed Menkaure
  1653 | D:4      | HP: 2/42 [Menkaure (17)]
  1658 | D:4      | Killed Menkaure
  1658 | D:4      | Reached skill level 5 in Axes
  1658 | D:4      | Reached XP level 5. HP: 32/49 MP: 5/5
  1886 | D:4      | Noticed an ogre
  1902 | D:4      | Killed an ogre
  1902 | D:4      | Reached XP level 6. HP: 35/57 MP: 6/6
  2016 | D:4      | Noticed an ogre
  2028 | D:4      | Killed an ogre
  2028 | D:4      | Reached skill level 6 in Axes
  2048 | D:4      | Found a burning altar of Makhleb.
  2089 | D:4      | Reached *** piety under Trog
  2150 | D:4      | Received a gift from Trog
  2236 | D:4      | Reached skill level 11 in Axes
  2236 | D:4      | Reached XP level 7. HP: 63/70 MP: 7/7
  2260 | D:5      | Entered Level 5 of the Dungeon
  2411 | D:5      | Noticed Eustachio
  2418 | D:5      | Killed Eustachio
  2418 | D:5      | Reached XP level 8. HP: 64/80 MP: 8/8
  2454 | D:5      | Found a staircase to the Ecumenical Temple.
  2845 | D:5      | Found a snail-covered altar of Cheibriados.
  3086 | D:6      | Noticed Natasha
  3102 | D:6      | Killed Natasha
  3435 | D:6      | Noticed Natasha
  3439 | D:6      | Killed Natasha
  3731 | D:7      | Found a blossoming altar of Fedhas.
  3963 | D:7      | Found Ohisouf's Armour Boutique.
  4008 | D:7      | Received a gift from Trog
  4008 | D:7      | Gained mutation: You passively map the area around you. [Deep Dwarf growth]
  4008 | D:7      | Reached XP level 9. HP: 56/86 MP: 9/9
  4341 | D:8      | Reached skill level 12 in Axes
  4992 | D:8      | Noticed Erolcha
  5000 | D:8      | Killed Erolcha
  5000 | D:8      | Reached **** piety under Trog
  5000 | D:8      | Reached XP level 10. HP: 73/96 MP: 7/7
  5044 | D:8      | Reached skill level 13 in Axes
  5291 | D:9      | Found a staircase to the Lair.
  5331 | D:9      | Found a staircase to the Orcish Mines.
  5978 | D:9      | Paralysed by a wasp for 2 turns
  6071 | D:10     | Entered Level 10 of the Dungeon
  6188 | D:10     | Noticed a hill giant
  6193 | D:10     | Noticed a giant orange brain
  6193 | D:10     | a hill giant changed into a giant orange brain
  6199 | D:10     | Killed a giant orange brain
  6199 | D:10     | Reached skill level 10 in Armour
  6376 | D:10     | Noticed a hill giant
  6383 | D:10     | HP: 3/98 [hill giant/giant club (14)]
  6404 | D:10     | Killed a hill giant
  6404 | D:10     | Reached XP level 11. HP: 62/104 MP: 2/6
  6584 | D:10     | Reached skill level 14 in Axes
  6736 | D:11     | Reached ***** piety under Trog
  6816 | D:11     | Noticed a hill giant
  6821 | D:11     | Killed a hill giant
  6826 | D:11     | Found a blossoming altar of Fedhas.
  7314 | D:11     | Found Tuclar's Book Boutique.
  8356 | D:12     | Noticed a centaur warrior
  8376 | D:12     | Killed a centaur warrior
  8376 | D:12     | Reached skill level 15 in Axes
  8392 | D:12     | Received a gift from Trog
  8534 | D:12     | Noticed a hill giant
  8545 | D:12     | Killed a hill giant
  8676 | Orc:1    | Entered Level 1 of the Orcish Mines
  8676 | Orc:1    | Found Sotuqosch's Assorted Antiques.
  8769 | Orc:1    | Reached XP level 12. HP: 68/116 MP: 3/3
  8770 | Orc:1    | Found Cupawauj's Weapon Boutique.
  9325 | Orc:3    | Received a gift from Trog
  9330 | Orc:3    | Got a jewelled battleaxe {god gift}
  9331 | Orc:3    | Identified the +6 battleaxe of Day {chop, +Inv rElec rC- Stlth+} (Trog gifted it to you on level 3 of the Orcish Mines)
  9381 | Orc:3    | Found a roughly hewn altar of Beogh.
  9506 | Orc:4    | Entered Level 4 of the Orcish Mines
  9667 | Orc:4    | Reached skill level 10 in Fighting
  9679 | Orc:4    | Reached ****** piety under Trog
  9716 | Orc:4    | Found Buuseid's Food Boutique.
  9716 | Orc:4    | Found Ismued's Gadget Emporium.
  9854 | Orc:4    | Found a staircase to the Elven Halls.
 10219 | Orc:4    | Received a gift from Trog
 10235 | Orc:4    | Found Vecil's Distillery.
 10235 | Orc:4    | Found Zuumed's General Store.
 10301 | Orc:4    | Found a roughly hewn altar of Beogh.
 10503 | Lair:1   | Entered Level 1 of the Lair of Beasts
 10797 | Lair:1   | Reached skill level 16 in Axes
 10959 | Lair:1   | Reached skill level 5 in Evocations
 11427 | Lair:2   | Noticed Gastronok
 11445 | Lair:2   | Killed Gastronok
 11445 | Lair:2   | Received a gift from Trog
 12215 | Lair:3   | Reached XP level 13. HP: 80/124 MP: 2/2
 12464 | Lair:3   | Found a frozen archway.
 12498 | Lair:3   | Received a gift from Trog
 12518 | IceCv    | Entered an ice cave
 12661 | IceCv    | Reached skill level 17 in Axes
 13239 | IceCv    | Noticed a frost giant
 13259 | IceCv    | HP: 2/127 [frost giant/bolt of cold (69)]
 13260 | IceCv    | Mangled by a polar bear

Action                   |  1- 3 |  4- 6 |  7- 9 | 10-12 | 13-15 || total
-------------------------+-------+-------+-------+-------+-------++-------
Melee: Hand axe          |   179 |    77 |    97 |       |       ||   353
       War axe           |       |       |   170 |   165 |       ||   335
       Battleaxe         |       |       |       |   704 |   285 ||   989
 Abil: Device Recharging |       |     1 |     3 |    11 |     1 ||    16
Evoke: Wand              |     2 |     6 |     6 |    63 |    13 ||    90
  Use: Scroll            |     4 |     1 |     4 |    12 |     2 ||    23
       Potion            |     1 |     6 |     5 |     5 |       ||    17
  Eat: Chunk             |     3 |     2 |    10 |    26 |     4 ||    45

Vault maps used:
D:1:      lightli_arrival_statue_moat, serial_bayou, serial_bayou_lagoon_a,
          serial_bayou_shore_b, serial_bayou_lake_a, serial_bayou_shore_b,
          serial_bayou_pond_c
D:2:      gammafunk_temple_overflow_elements, fedhas_altar_3
D:4:      kennysheep_little_box, uniq_natasha, uniq_menkaure
D:5:      marbit_many_paths, minmay_temple_entry_overgrown, first_bread,
          uniq_eustachio
D:6:      minivault_22
D:7:      lemuel_coloured_pillars_altar, serial_shops,
          nicolae_shop_behind_doors, serial_glass, glass_columns_a,
          glass_columns_b, glass_columns_a, glass_columns_c, glass_columns_a,
          glass_columns_a, glass_columns_b, glass_columns_a, glass_columns_b,
          glass_columns_c, glass_columns_a, glass_columns_a, glass_columns_b,
          glass_columns_a
D:8:      enter_ossuary_5, serial_ice, serial_ice_d, serial_ice_e, serial_ice_k,
          serial_ice_o, serial_ice_f, serial_ice_n, uniq_erolcha
D:9:      minmay_lair_entry_lava, david_orc_3, hangedman_pestilent_swarm
D:11:     basic_altar, serial_shops, nicolae_shop_crystal
D:12:     lab_entry_generic
Lair:1:   zaba_anthole
Lair:2:   grunt_forest_small_clearing_treed, uniq_gastronok
Lair:3:   minmay_shoals_entry_hut, portal_ice_cave_entry_ice_beasts,
          bobbens_dragon_lair_wall
Orc:1:    serial_shops, shop, nicolae_shop_overgrown_old_shop, shop,
          uniq_nergalle
Orc:3:    basic_altar, nicolae_orc_pool_cavern
Orc:4:    st_orc_town
IceCv:    ice_cave_caverns_01
